Map: Ruby Rock LE

Players

ShoWTimE - Winner!

  • Race: Protoss Protoss
  • League: Master
  • Spawn Location: 5:00

LetaleX

  • Race: Protoss Protoss
  • League: Grandmaster
  • Spawn Location: 11:00

VOD

Have the link to the VOD?

Description

Time

  • Played on: Jan. 31, 2026, 11:33 a.m.
  • Length: 7:03
Show
View Real Time Build Order
Export as new Build Order

ShoWTimE Protoss - Winner!

Build Orders:  

Get SALT Encoding   

  12  0:00  Probe  
  13  0:12  Probe  
  14  0:17  Pylon  
  14  0:23  Probe  
  15  0:31  Probe  
  15  0:36  Gateway  
  15  0:39  Probe  
  16  0:45  Assimilator  
  17  0:50  Probe  
  17  0:53  Assimilator  
  18  0:59  Probe  
  19  1:06  Gateway  
  19  1:07  Probe  
  19  1:17  Probe  
  20  1:22  Cybernetics Core  
  21  1:29  Probe  
  22  1:35  Pylon  
  22  1:41  Probe  
  23  1:58  Adept x2  
  23  2:00  Robotics Facility  
  27  2:02  Warp Gate  
  27  2:11  Pylon  
  27  2:25  Stalker x2  
  31  2:36  Warp Prism  
  33  2:53  Pylon  
  33  2:55  Sentry  
  35  3:03  Immortal  
  39  3:19  Gateway  
  39  3:42  Immortal  
  39  3:47  Pylon  
  43  3:54  Adept x2  
  47  4:12  Immortal  
  47  4:13  Pylon  
  51  4:25  Sentry, Adept  
  55  4:33  Pylon  
  55  4:44  Adept  
  57  4:51  Immortal  
  61  5:01  Pylon  
  61  5:04  Adept  
  61  5:06  Sentry  
  65  5:30  Immortal  
  69  5:36  Adept x2  
  65  5:58  Stalker x3  
  55  6:21  Stalker x3  
Show
View Real Time Build Order
Export as new Build Order

LetaleX Protoss 

Build Orders: Phoenix Opening 

Get SALT Encoding   

  12  0:00  Probe  
  13  0:12  Probe  
  14  0:16  Pylon  
  14  0:23  Probe  
  15  0:32  Probe  
  15  0:35  Gateway  
  15  0:40  Probe  
  16  0:45  Assimilator  
  17  0:50  Probe  
  17  0:53  Assimilator  
  18  1:01  Probe  
  19  1:06  Gateway  
  19  1:09  Probe  
  19  1:17  Probe  
  20  1:23  Cybernetics Core  
  21  1:29  Probe  
  21  1:32  Pylon  
  22  1:41  Probe  
  23  1:53  Probe  
  24  1:59  Sentry, Warp Gate, Phoenix  
  26  2:11  Nexus  
  26  2:14  Sentry  
  28  2:22  Pylon  
  28  2:27  Stalker  
  28  2:32  Probe  
  31  2:40  Shield Battery  
  31  2:44  Sentry  
  31  2:46  Probe  
  33  2:54  Shield Battery  
  35  2:59  Sentry  
  35  3:04  Probe, Stalker  
  36  3:11  Shield Battery  
  38  3:22  Gateway  
  38  3:34  Probe  
  37  3:45  Probe  
  37  3:47  Stalker  
  40  3:48  Adept  
  40  3:50  Probe  
  43  3:59  Probe  
  43  4:01  Shield Battery  
  44  4:10  Stalker  
  44  4:12  Stalker  
  48  4:20  Stalker  
  50  4:28  Stargate  
  50  4:29  Pylon  
  50  4:41  Adept x2  
  54  4:49  Pylon  
  54  4:52  Shield Battery  
  54  4:53  Stalker  
  56  5:02  Probe, Assimilator  
  56  5:04  Phoenix  
  56  5:06  Shield Battery, Zealot  
  61  5:21  Stalker  
  61  5:25  Phoenix  
  63  5:36  Zealot x2  
  65  5:45  Pylon  
  61  5:50  Phoenix  
  57  5:57  Zealot x2  
  53  6:16  Stalker  
  42  6:20  Phoenix  
  42  6:22  Stalker  
  42  6:33  Stalker  
Tags
 
Add a new tag
Caveats
  • Supply blocks, unpowered buildings, or Contaminate may cause inaccurate times.
  • Supply counts are checked every 10 seconds.